 Dungeon Crawl Stone Soup version 0.25.1-2-g60ff931df9 (webtiles) character file.

Game seed: 6616694819728428660

2872 funkygono the Magician (level 9, -6/67 HPs)
             Began as a Black Draconian Ice Elementalist on Oct 11, 2020.
             Was an Initiate of Sif Muna.
             Mangled by an orc warrior
             ... wielding a +0 flail
              (12 damage)
             ... on level 7 of the Dungeon.
             The game lasted 00:19:51 (9065 turns).

funkygono the Magician (DrIE)                       Turns: 9065, Time: 00:19:52

Health: -6/67      AC:  8    Str: 11    XL:     9   Next: 47%
Magic:  12/20      EV: 14    Int: 18    God:    Sif Muna [......]
Gold:   314        SH:  0    Dex: 12    Spells: 15/23 levels left

rFire    + . .     SeeInvis .   u - +0 whip (flame)
rCold    . . .     Gourm    .   (no shield)
rNeg     . . .     Faith    .   (armour unavailable)
rPois    .         Spirit   .   (helmet restricted)
rElec    +         Reflect  .   (no cloak)
rCorr    .         Harm     .   (no gloves)
MR       +....                  n - +0 pair of boots
Stlth    ++........             (no amulet)
HPRegen  0.21/turn              l - ring of protection from magic
MPRegen  0.17/turn              q - ring of protection from fire

@: frozen ramparts, very slightly contaminated, lightly drained
A: breathe lightning, unfitting armour, electricity resistance, cold-blooded, AC
+7
a: Breathe Lightning, Renounce Religion


You were on level 7 of the Dungeon.
You worshipped Sif Muna.
Sif Muna was noncommittal.
You were hungry.

You visited 1 branch of the dungeon, and saw 8 of its levels.

You collected 314 gold pieces.

Inventory:

Hand Weapons
 c - a cursed -2 hunting sling
 j - a +1 whip of venom
 r - a +2 flail of holy wrath
 u - a +0 whip of flaming (weapon)
 x - a +4 flail
Missiles
 g - 298 stones (quivered)
Armour
 n - a +0 pair of boots (worn)
Jewellery
 l - a ring of protection from magic (left hand)
 q - a ring of protection from fire (right hand)
Scrolls
 a - 3 scrolls of remove curse
 e - 2 scrolls of fog
 k - 2 scrolls of amnesia
 m - a scroll of blinking
 s - 3 scrolls of teleportation
Potions
 d - 2 potions of invisibility
 f - a potion of might
 i - 3 potions of curing
 o - 3 potions of stabbing
 p - a potion of flight
 t - a potion of brilliance
 v - a potion of ambrosia
 w - a potion of haste
Comestibles
 b - 12 rations


   Skills:
 + Level 1.9(1.4) Fighting
 + Level 3.2(2.6) Maces & Flails
 * Level 5.5(4.9) Dodging
 + Level 2.2(1.7) Stealth
 * Level 7.6(7.0) Spellcasting
 * Level 4.1(3.5) Conjurations
 + Level 7.3(6.6) Ice Magic


You had 15 spell levels left.
You knew the following spells:

 Your Spells              Type           Power        Failure   Level  Hunger
a - Freeze                Ice            ####         1%          1    None
b - Frozen Ramparts       Ice            ####..       1%          3    ##.....
c - Hailstorm             Conj/Ice       ###.....     13%         4    ####...

Your spell library contained the following spells:

 Spells                   Type           Power        Failure   Level  Hunger
 Ozocubu's Armour         Chrm/Ice       ###.....     9%          3    ##.....
 Animate Skeleton         Necr           N/A          11%         1    None
 Apportation              Tloc           #.....       11%         1    None
 Corona                   Hex            #......      11%         1    None
 Summon Small Mammal      Summ           #...         11%         1    None
 Summon Ice Beast         Ice/Summ       ###.....     26%         4    ####...


Dungeon Overview and Level Annotations

Branches:
Dungeon (8/15)             Temple (0/1) D:6
   Lair: D:8-11

Altars:
Dithmenos
Fedhas
Hepliaklqana
Kikubaaqudgha
Makhleb
Sif Muna
Yredelemnul
Zin
The Shining One


Innate Abilities, Weirdness & Mutations

You can breathe wild blasts of lightning.
Your glossy black scales are hard. (AC +7)
You cannot fit into any form of body armour.
You are resistant to electric shocks. (rElec)
You are cold-blooded and may be slowed by cold attacks.


Message History

The orc priest invokes the aid of Beogh against you.
You easily resist.
Casting: Frozen Ramparts (safe; 1% risk of failure)
Confirm with . or Enter, or press ? or * to list all spells.
The walls around you are covered in ice.
The wall freezes the orc warrior.
The orc warrior completely misses you.
The wall freezes the orc priest!
The orc priest looks encouraged for a moment.
The wall freezes something.
Something hits you but does no damage.
You barely miss the orc warrior.
Your tail-slap misses the orc warrior.
The orc warrior is heavily wounded.
The wall freezes the orc warrior!
The orc warrior hits you with a +0 flail!!
* * * LOW HITPOINT WARNING * * *
The wall freezes the orc priest.
The orc priest closely misses you.
The wall freezes something.
Something hits you.
* * * LOW HITPOINT WARNING * * *
The wall freezes the orc warrior.
The orc warrior hits you with a +0 flail!
You die...

.# ##...# ##............. ##
#...## ##.............. # ##...#
#...(........... ##....#
#............... ##.....#
#............... #......##
#........>...... ##......##
###.....>........
########....#####.{o.............
#..## ###......@o..............#
....# ##......................#
....## ##........................
#....# #.........................
###..###.......................#.
##..##.........................
#.............................
##...........................p
##.........................p.


You could see an orc warrior and an orc priest.

Vanquished Creatures
  Pikel (D:7)
  Grinder (D:6)
  A spriggan (D:7)
  A hungry ghost (D:7)
  Edmund (D:6)
  A water moccasin (D:7)
  2 slaves (D:7)
  An ice beast (D:5)
  2 ogres
  2 centaurs
  A crocodile (D:5)
  A bullfrog (D:7)
  A scorpion (D:7)
  5 killer bees (D:7)
  3 wights (D:7)
  A crimson imp (D:6)
  A centaur zombie (D:7)
  A bullfrog zombie (D:5)
  A hound (D:7)
  4 orc priests
  5 orc wizards
  2 iguanas
  3 worker ants
  A killer bee zombie (D:7)
  2 hound zombies
  A howler monkey zombie (D:5)
  2 worker ant zombies
  6 adders
  3 shadow imps
  An ooze (D:5)
  An adder zombie (D:7)
  3 worms
  2 leopard geckos
  27 orcs
  3 giant cockroaches
  5 goblins
  11 hobgoblins
  8 jackals (D:1)
  2 quokkas
  4 ball pythons
  3 bats
  9 frilled lizards
  A jackal skeleton (D:5)
  A jackal zombie (D:5)
  7 kobolds
  A quokka zombie (D:7)
  15 rats
161 creatures vanquished.

Vanquished Creatures (others)
  A slave (D:7)
  A leopard gecko (D:7)
  A quokka zombie (D:7)
3 creatures vanquished.

Grand Total: 164 creatures vanquished

Notes
Turn   | Place    | Note
-------+----------+-------------------------------------------
     0 | D:1      | funkygono the Draconian Ice Elementalist began the quest
                  | for the Orb.
     0 | D:1      | Reached XP level 1. HP: 14/14 MP: 3/3
   232 | D:1      | Reached XP level 2. HP: 20/20 MP: 3/5
  1115 | D:1      | Reached XP level 3. HP: 18/26 MP: 0/6
  1124 | D:1      | Learned a level 3 spell: Frozen Ramparts
  1649 | D:2      | Reached skill level 5 in Ice Magic
  1649 | D:2      | Reached XP level 4. HP: 26/33 MP: 0/8
  2019 | D:2      | Found a faded altar of an unknown god.
  2203 | D:2      | Learned a level 4 spell: Hailstorm
  2599 | D:3      | Reached XP level 5. HP: 34/38 MP: 0/9
  2682 | D:3      | Found a shadowy altar of Dithmenos.
  2697 | D:3      | Found a hazy altar of Hepliaklqana.
  3628 | D:4      | Found a basalt altar of Yredelemnul.
  3856 | D:4      | Found an ancient bone altar of Kikubaaqudgha.
  3863 | D:4      | Reached skill level 1 in Conjurations
  3911 | D:4      | Noticed an ogre
  3924 | D:4      | Killed an ogre
  3924 | D:4      | Reached XP level 6. HP: 25/45 MP: 0/12
  4475 | D:5      | Entered Level 5 of the Dungeon
  4547 | D:5      | Reached skill level 5 in Spellcasting
  4547 | D:5      | Your scales start taking on a glossy black colour.
  4547 | D:5      | Reached XP level 7. HP: 32/50 MP: 7/14
  4547 | D:5      | Gained mutation: You are resistant to electric shocks.
                  | (rElec) [Black Draconian growth]
  5628 | D:5      | Reached skill level 1 in Maces & Flails
  6071 | D:5      | Found a glowing silver altar of Zin.
  6071 | D:5      | Noticed an angel
  6249 | D:6      | Noticed Edmund
  6270 | D:6      | Killed Edmund
  6270 | D:6      | Reached XP level 8. HP: 41/58 MP: 11/17
  6533 | D:6      | Found a staircase to the Ecumenical Temple.
  6616 | D:6      | Found a shimmering blue altar of Sif Muna.
  6639 | D:6      | Became a worshipper of Sif Muna the Loreminder
  6828 | D:6      | Found a glowing golden altar of the Shining One.
  6831 | D:6      | Found a blossoming altar of Fedhas.
  6979 | D:6      | Noticed Grinder
  7000 | D:6      | Killed Grinder
  7000 | D:6      | Reached skill level 1 in Fighting
  7290 | D:7      | Noticed Pikel
  7308 | D:7      | Killed Pikel
  7412 | D:7      | Reached XP level 9. HP: 47/64 MP: 12/19
  7660 | D:7      | Paralysed by fainting for 11 turns
  7856 | D:7      | Reached skill level 5 in Dodging
  8206 | D:7      | HP: 2/67 [poisoned by a killer bee]
  8787 | D:7      | Found a burning altar of Makhleb.
  9065 | D:7      | Mangled by an orc warrior

Illustrated notes

Levels and vault maps discovered:
D:1:      dpeg_arrival_stonehenge_8_columns, layout_basic
D:2:      layout_loops_cross, chequers_ecumenical_altar_twisty,
          minmay_lizard_pond
D:3:      layout_loops_corners, lemuel_coloured_pillars_altar,
          nicolae_overflow_crystal_walls, first_ration
D:4:      layout_rooms, kiku_gazebo_pond_becter, yredelemnul_altar_generic
D:5:      layout_loops_cross, zin_angel
D:6:      layout_loops_cross, marbit_many_paths, nicolae_overflow_hidden_temple,
          minmay_temple_entry_stoned_glass, uniq_edmund, uniq_grinder
D:7:      layout_layer_cave, kennysheep_mini, the_bakery, uniq_pikel
D:8:      layout_loops_ring, lair_entry_dummy

Skill      XL: |  1  2  3  4  5  6  7  8  9 |
---------------+----------------------------+-----
Dodging        | 2 3 4 5 |  5.5
Ice Magic      | 5 6 7 |  7.3
Spellcasting   | 3 4 5 6 7 |  7.6
Conjurations   | 1 2 3 4 |  4.1
Stealth        | 2 |  2.2
Maces & Flails | 1 2 3 |  3.2
Fighting       | 1 |  1.9

Action                   |  1- 3 |  4- 6 |  7- 9 || total
-------------------------+-------+-------+-------++-------
Melee: Whip              |    17 |    10 |   276 ||   303
       Tailslap          |       |     1 |    26 ||    27
 Cast: Freeze            |    68 |    65 |    82 ||   215
       Frozen Ramparts   |       |     7 |    35 ||    42
       Hailstorm         |       |     1 |       ||     1
 Abil: Breathe Lightning |       |       |     1 ||     1
  Use: Scroll            |     4 |     8 |     5 ||    17
       Potion            |       |       |     1 ||     1
  Eat: Chunk             |     3 |     9 |    16 ||    28
       Ration            |       |       |     4 ||     4
Armor: Skin              |    23 |    15 |   131 ||   169
Dodge: Dodged            |    49 |    34 |   255 ||   338
